 Dungeon Crawl Stone Soup version 0.17-a0-1582-ge6b0260 (webtiles) character file.

42 Chiseanne the Skirmisher (level 3, -4/29 HPs)
             Began as a Demonspawn Wanderer on July 27, 2015.
             Slain by a worm (6 damage)
             ... on level 2 of the Dungeon.
             The game lasted 00:03:51 (2413 turns).

Chiseanne the Skirmisher (Demonspawn Wanderer)      Turns: 2413, Time: 00:03:52

Health: -4/29      AC:  3    Str: 11    XL:     3   Next: 35%
Magic:  6/6        EV: 11    Int: 15    God:
Gold:   98         SH:  4    Dex: 12    Spells: 1 memorised, 5 levels left

rFire  . . .     SeeInvis .     g - -1 dagger (curse)
rCold  . . .     Clarity  .     d - +0 robe
rNeg   . . .     SustAt   .     c - +0 buckler
rPois  .         Gourm    .     (no helmet)
rElec  .         Spirit   .     m - +0 cloak
rCorr  .         Warding  .     (no gloves)
rMut   .         Stasis   .     (no boots)
MR     .....                    (no amulet)
Stlth  +.........               (no ring)
                                (no ring)

@: not resistant to hostile enchantments, very unstealthy
A: powered by pain 2
a: no special abilities


You were on level 2 of the Dungeon.
You were not hungry.

You visited 1 branch of the dungeon, and saw 2 of its levels.

You collected 98 gold pieces.

Inventory:

Hand weapons
 e - a +0 dagger
 g - a cursed -1 dagger (weapon)
 i - a +0 short sword
Missiles
 h - 13 arrows
 k - 15 poisoned needles
 n - 20 steel sling bullets
Armour
 c - a +0 buckler (worn)
 d - a +0 robe (worn)
 m - a +0 cloak (worn)
Books
 a - a book of Minor Magic

   Spells                             Type                      Level
   a - Magic Dart                     Conjuration                  1
   b - Blink                          Translocation                2
   c - Call Imp                       Summoning                    2
   d - Repel Missiles                 Charms/Air                   2
   e - Slow                           Hexes                        2
   f - Conjure Flame                  Conjuration/Fire             3
   g - Mephitic Cloud                 Conjuration/Poison/Air       3
 b - the Disquisition on Evil Rituals

   Spells                             Type                      Level
   a - Animate Skeleton               Necromancy                   1
   b - Corpse Rot                     Necromancy                   2
Comestibles
 f - 2 bread rations
 l - 5 chunks of flesh


   Skills:
 + Level 3.3 Fighting
   Level 1.0 Crossbows
 - Level 1.0 Throwing
 - Level 1.7 Armour
 - Level 0.6 Dodging
 - Level 1.5 Shields
 - Level 2.0 Spellcasting
   Level 1.0 Earth Magic


You had 5 spell levels left.
You knew the following spells:

 Your Spells              Type           Power        Failure   Level  Hunger
a - Magic Dart            Conj           #...         30%         1    #......


Dungeon Overview and Level Annotations

Branches:
Dungeon (2/15)

Altars:


Innate Abilities, Weirdness & Mutations

You sometimes gain power by taking damage.


Message History

The worm is heavily wounded.
You hit the worm.
The worm is heavily wounded.
The worm misses you.
You hit the worm but do no damage.
The worm is heavily wounded.
You hit the worm.
The worm is severely wounded.
The worm bites you!
* * * LOW HITPOINT WARNING * * *
You hit the worm but do no damage.
The worm is heavily wounded.
The worm bites you.
* * * LOW HITPOINT WARNING * * *
You hit the worm but do no damage.
The worm is heavily wounded.
You hit the worm.
The worm is severely wounded.
The worm bites you.
You die...

....##.....###.#
........
....##.........####
.......#
.......##..##.....#
.......
....#####...##.##...#
.####.. ....# #...##.#
.. #.. ...######...##.#
. ...<..##....##.# ...
...##.<.....##.####.....
#########...##..@w......
#...##.###......
##.##### ..... ### ....
##.


You could see a worm.

Vanquished Creatures
  2 adders (D:2)
  5 hobgoblins (D:1)
  6 kobolds
  5 bats (D:1)
  2 giant cockroaches (D:1)
  2 goblins (D:2)
  3 rats
25 creatures vanquished.

Notes
Turn   | Place    | Note
--------------------------------------------------------------
     0 | D:1      | Chiseanne the Demonspawn Wanderer began the quest for the Orb.
     0 | D:1      | Chiseanne set off with: a book of Minor Magic, the Disquisition on Evil Rituals, a +0 buckler, a +0 robe, a +0 dagger, a bread ration
     0 | D:1      | Reached XP level 1. HP: 16/16 MP: 3/3
    10 | D:1      | Identified the Disquisition on Evil Rituals
    12 | D:1      | Learned a level 1 spell: Magic Dart
   552 | D:1      | Gained mutation: You sometimes gain a little power by taking damage. [demonic ancestry]
   552 | D:1      | Reached XP level 2. HP: 8/22 MP: 5/5
  2054 | D:2      | Reached skill level 3 in Fighting
  2054 | D:2      | Gained mutation: You sometimes gain power by taking damage. [demonic ancestry]
  2054 | D:2      | Reached XP level 3. HP: 20/29 MP: 0/6
  2413 | D:2      | Slain by a worm

Vault maps used:
D:1:      minmay_arrival_up_and_down

Action                   || total
-------------------------++-------
Melee: Dagger            ||   204
 Cast: Magic Dart        ||    19
  Use: Scroll            ||     3
       Potion            ||     2
 Stab: Sleeping          ||     2
  Eat: Chunk             ||     5
